 Dungeon Crawl Stone Soup version 0.30-a0-883-g5ad918d77d (webtiles) character file.

Game seed: 5061756125365757679

118 Demosthentine the Ducker (level 4, -2/35 HPs)
             Began as a Demonspawn Gladiator on Mar 16, 2023.
             Killed by divine providence
             ... invoked by an orc priest
              (14 damage)
             ... on level 4 of the Dungeon.
             The game lasted 00:02:31 (3250 turns).

Demosthentine the Ducker (Demonspawn Gladiator)     Turns: 3250, Time: 00:02:32

Health: -2/35      AC:  6    Str: 17    XL:     4   Next: 72%
Magic:  4/4        EV: 18    Int:  9    God:
Gold:   351        SH:  0    Dex: 20    Spells: 3/3 levels left

rFire   . . .      SeeInvis .    a - +0 trident
rCold   . . .      Faith    .    (no shield)
rNeg    . . .      Spirit   .    b - +0 leather armour
rPois   .          Reflect  .    c - +0 helmet
rElec   .          Rampage  .    l - +1 cloak
rCorr   .                        (no gloves)
Will    .....                    (no boots)
Stlth   +                        (no amulet)
HPRegen 0.25/turn                h - +5 ring of evasion
MPRegen 0.09/turn                o - +6 ring of dexterity

@: no status effects
A: demonic guardian 1, foul stench 1
a: no special abilities


You were on level 4 of the Dungeon.
You visited 1 branch of the dungeon, and saw 4 of its levels.

You collected 351 gold pieces.

Inventory:

Hand Weapons
 a - a +0 trident (weapon)
Missiles
 d - 3 throwing nets (quivered)
 e - a javelin
Armour
 b - a +0 leather armour (worn)
 c - a +0 helmet (worn)
 l - a +1 cloak (worn)
Jewellery
 h - a +5 ring of evasion (left hand)
 o - a +6 ring of dexterity (right hand)
Scrolls
 f - a scroll of amnesia
 m - a scroll of vulnerability {unknown}
 q - a scroll of teleportation
Potions
 g - a potion of mutation
 i - 2 potions of curing
 j - 4 potions of degeneration {unknown}


   Skills:
 + Level 3.0 Fighting
 + Level 3.3 Polearms
 - Level 1.7 Throwing
 + Level 1.9 Armour
 + Level 3.4 Dodging


You had 3 spell levels left.
You didn't know any spells.
Your spell library contained the following spells:

 Spells                   Type           Power      Damage    Failure   Level
 Apportation              Tloc           0%         N/A       43%         1
 Necrotise                Necr           0%         1d4       43%         1
 Summon Small Mammal      Summ           0%         N/A       43%         1
 Ozocubu's Armour         Ice            0%         N/A       82%         3
 Ozocubu's Refrigeration  Ice            0%         4d7       100%        7


Dungeon Overview and Level Annotations

Branches:
Dungeon (4/15)
 Temple: D:4-7

Altars:
Cheibriados

Shops:
D:2 [


Innate Abilities, Weirdness & Mutations

A weak demonic guardian rushes to your aid.
You may rarely emit foul miasma when damaged in melee.


Message History

You kill the orc!
Your Fighting skill increases to level 3!
Reach: a) +0 trident
Press: ? - help, Dir - move target, f - orc
Aim: an orc, wielding a +0 club (heavily wounded, ally target, about 37% to evade your +0 trident)
You could not reach far enough!
Your iron imp closely misses the orc.
The orc hits your iron imp but does no damage.
Unknown command.
Reach: a) +0 trident
Press: ? - help, Dir - move target, f/p - orc
Aim: an orc, wielding a +0 club (heavily wounded, ally target, about 37% to evade your +0 trident)
You could not reach far enough!
The orc hits your iron imp but does no damage.
Your iron imp misses the orc.
Reach: a) +0 trident
Press: ? - help, Dir - move target, f/p - orc
Aim: an orc, wielding a +0 club (heavily wounded, ally target, about 37% to evade your +0 trident)
You could not reach far enough!
The orc closely misses your iron imp.
Your iron imp closely misses the orc.
Unknown command.
Reach: a) +0 trident
Press: ? - help, Dir - move target, f/p - orc
Aim: an orc, wielding a +0 club (heavily wounded, ally target, about 37% to evade your +0 trident)
You could not reach far enough!
The orc hits your iron imp with a +0 club.
Your iron imp hits the orc.
The orc dies!
Reach: a) +0 trident
Press: ? - help, Dir - move target, f - you That would be overly suicidal.
Okay, then.
Unknown command.
Your iron imp closely misses the orc priest.
Reach: a) +0 trident
Press: ? - help, Dir - move target, f - orc priest
Aim: an orc priest, wielding a +0 club and wearing a +0 leather armour (about 37% to evade your +0 trident)
You could not reach far enough!
The orc priest mumbles some strange prayers to Beogh against you.
Beogh smites you!
You die...

#..#..#...###.#
##.##...###...##
#...#.# #...#..#
..### #...####.##
######### ### ...#
#..# #........ #
#. ##.#####.#####
# #..#........#
##.##o#.###.#
#.@5og#.###.###.
#...#####o........
#...## ##o##.###
...## #o##.# .#
#.g..# #o#..#
#...## #....
..?...


You could see an orc priest, an orc, a goblin (ally target) and a friendly iron
imp (summoned).

Vanquished Creatures
  A mummy (D:4)
  2 adders (D:3)
  A worm (D:2)
  A dart slug (D:3)
  3 orcs (D:4)
  9 endoplasms
  7 giant cockroaches
  5 goblins
  8 hobgoblins
  4 jackals
  8 kobolds
  2 quokkas
  4 ball pythons
  5 bats
  A frilled lizard (D:1)
  6 rats
67 creatures vanquished.

Vanquished Creatures (collateral kills)
  An orc (D:4)
1 creature vanquished.

Grand Total: 68 creatures vanquished

Notes
Turn   | Place    | Note
-------+----------+-------------------------------------------
     0 | D:1      | Demosthentine the Demonspawn Gladiator began the quest for
                  | the Orb.
     0 | D:1      | Reached XP level 1. HP: 16/16 MP: 1/1
   293 | D:1      | Gained mutation: You may rarely emit foul miasma when
                  | damaged in melee. [demonic ancestry]
   293 | D:1      | Reached XP level 2. HP: 22/22 MP: 2/2
   611 | D:1      | Reached skill level 1 in Armour
   695 | D:1      | Gained mutation: A weak demonic guardian rushes to your
                  | aid. [demonic ancestry]
   695 | D:1      | Reached XP level 3. HP: 28/28 MP: 3/3
  1358 | D:2      | Found a faded altar of an unknown god.
  1596 | D:2      | Found Okaese Giucu's Antique Armour Shoppe.
  1862 | D:3      | Reached XP level 4. HP: 34/34 MP: 4/4
  3075 | D:4      | Found a snail-covered altar of Cheibriados.
  3250 | D:4      | Killed from afar by an orc priest

Illustrated notes

Levels and vault maps discovered:
D:1:      matt_arrival_diagonals, layout_basic, hangedman_decor_growths
D:2:      minmay_inner_zag, layout_basic, ebering_ecumenical_altar_rust,
          serial_shops, shop_coins, minmay_misc_feat_encased
D:3:      layout_basic, st_stairs_6
D:4:      minmay_skewed_foursquare, layout_loops_corners, slow_altar_1

Skill      XL: |  1  2  3  4 |
---------------+-------------+-----
Armour         | 1 |  1.9
Polearms       | 3 |  3.3
Dodging        | 3 |  3.4
Fighting       | 3 |  3.0
Throwing       | |  1.7

Action                     |  1- 3 |  4- 6 || total
---------------------------+-------+-------++-------
  Melee: Trident           |   153 |    62 ||   215
         Punch             |     3 |       ||     3
    Use: Scroll            |     4 |     3 ||     7
         Potion            |       |     1 ||     1
   Stab: Sleeping          |     4 |     1 ||     5
 Armour: Leather armour    |    35 |     5 ||    40
  Dodge: Dodged            |    76 |    33 ||   109

Table legend: (Time is in decaauts)
 A = Elapsed time spent in this place.
 B = Non-inter-level travel time spent in this place.
 C = Inter-level travel time spent in this place.
 D = Time resting spent in this place.
 E = Time spent auto-exploring this place.
 F = Levels seen in this place.
 G = Mean time per level.
                   A        B        C        D        E       F      G
               +--------+--------+--------+--------+--------+-----+--------+
         Total |   3280 |   3103 |    177 |      0 |   2608 |   4 |  820.0 |
       Dungeon |   3280 |   3103 |    177 |      0 |   2608 |   4 |  820.0 |
               +--------+--------+--------+--------+--------+-----+--------+

Top non-repeatable levels by time:
     D:1: 1373 daAuts
     D:3: 1098 daAuts
     D:2: 494 daAuts
     D:4: 313 daAuts
